 Dungeon Crawl Stone Soup version 0.18-b1-22-ge198996 (webtiles) character file.

11998 oplop the Nimble (level 11, -14/84 HPs)
             Began as a Merfolk Ice Elementalist on May 4, 2016.
             Was a High Priest of Cheibriados.
             Demolished by a large slime creature (30 damage)
             ... on level 12 of the Dungeon.
             The game lasted 00:42:53 (10830 turns).

oplop the Nimble (Merfolk Ice Elementalist)        Turns: 10830, Time: 00:42:54

Health: -14/84     AC: 19    Str: 25    XL:     11   Next: 86%
Magic:  2/22       EV: 30    Int: 35    God:    Cheibriados [*****.]
Gold:   162        SH: 12    Dex: 33    Spells: 4 memorised, 13 levels left

rFire  + + .     SeeInvis .     k - +4 short sword "Kilean" {pierce, rF+ Int+4}
rCold  . . .     Gourm    .     M - +1 robe {rF+}
rNeg   . . .     Faith    .     v - +3 warlock's mirror {reflect}
rPois  .         Spirit   .     p - +0 helmet
rElec  .         Dismiss  .     d - +2 cloak
rCorr  .         Reflect  +     y - +1 pair of gloves {Dex+3}
SustAt .         Harm     .     (no boots)
MR     .....                    (no amulet)
Stlth  +++.......               h - +4 ring of evasion
                                o - +3 ring of intelligence

@: icy armour, very slow, not resistant to hostile enchantments, fairly stealthy
A: change form in water, swift swim, large bone plates 1, blurry vision 1,
MP-powered wands
a: Bend Time, Temporal Distortion, Slouch, Step From Time, Renounce Religion


You were on level 12 of the Dungeon.
You worshipped Cheibriados.
Cheibriados was extremely pleased with you.
You were not hungry.

You visited 2 branches of the dungeon, and saw 13 of its levels.

You collected 600 gold pieces.
You spent 438 gold pieces at shops.

Inventory:

Hand Weapons
 k - the +4 short sword "Kilean" (weapon) {pierce, rF+ Int+4}
   (You found it on level 9 of the Dungeon)

   It inflicts extra damage upon your enemies.
   It affects your intelligence (+4).
   It protects you from fire.
 m - a +2 dagger of holy wrath
Armour
 d - a +2 cloak (worn)
 p - a +0 helmet (worn)
 v - the +3 warlock's mirror (worn) {reflect}
   (You bought it in a shop on level 5 of the Dungeon)
 y - a +1 pair of gloves of dexterity (worn)
 M - a +1 robe of fire resistance (worn)
Jewellery
 e - an uncursed ring of teleportation
 h - a +4 ring of evasion (right hand)
 o - a +3 ring of intelligence (left hand)
 A - a +6 ring of dexterity {unknown}
Wands
 g - a wand of flame (22/48)
 B - a wand of iceblast (7/15)
 I - a wand of iceblast (5/15)
 J - a wand of digging (6/24)
 K - a wand of teleportation (6/9)
Scrolls
 j - 3 scrolls of noise {unknown}
 n - 4 scrolls of remove curse
 q - 12 scrolls of identify
 s - 4 scrolls of teleportation
 t - 2 scrolls of enchant weapon
 u - 3 scrolls of fog
 w - a scroll of recharging
 x - 3 scrolls of immolation
 D - a scroll of blinking {unknown}
 F - 2 scrolls of magic mapping {unknown}
 H - a scroll of amnesia
 N - a scroll of silence {unknown}
Potions
 a - a potion of agility
 f - 5 potions of curing
 C - 2 potions of lignification
 O - 2 potions of magic {unknown}
Books
 b - a book of Frost

   Spells                             Type                      Level
   a - Freeze                         Ice                          1
   b - Throw Frost                    Conjuration/Ice              2
   c - Ozocubu's Armour               Charms/Ice                   3
   d - Throw Icicle                   Conjuration/Ice              4
   e - Summon Ice Beast               Ice/Summoning                4
 l - a book of Annihilations

   Spells                             Type                      Level
   a - Poison Arrow                   Conjuration/Poison           6
   b - Chain Lightning                Conjuration/Air              8
   c - Lehudib's Crystal Spear        Conjuration/Earth            8
   d - Glaciate                       Conjuration/Ice              9
   e - Fire Storm                     Conjuration/Fire             9
 G - a book of Dreams

   Spells                             Type                      Level
   a - Ensorcelled Hibernation        Hexes/Ice                    2
   b - Silence                        Hexes/Air                    5
   c - Darkness                       Hexes                        6
   d - Shadow Creatures               Summoning                    6
 L - a book of the Dragon

   Spells                             Type                      Level
   a - Flame Tongue                   Conjuration/Fire             1
   b - Cause Fear                     Hexes                        4
   c - Bolt of Fire                   Conjuration/Fire             6
   d - Dragon Form                    Transmutation                7
   e - Dragon's Call                  Summoning                    9
Comestibles
 c - 7 bread rations
 i - 28 fruits
 r - 3 slices of pizza
 z - a meat ration
 E - 3 chunks of flesh


   Skills:
 + Level 7.3 Fighting
 + Level 10.4 Dodging
 - Level 2.1 Stealth
 - Level 4.1 Shields
 + Level 7.7 Spellcasting
 + Level 4.4 Conjurations
 - Level 4.0 Summonings
 + Level 9.5 Ice Magic
 + Level 7.2 Invocations


You had 13 spell levels left.
You knew the following spells:

 Your Spells              Type           Power        Failure   Level  Hunger
a - Freeze                Ice            ####         1%          1    None
b - Ozocubu's Armour      Chrm/Ice       #####...     1%          3    None
c - Summon Ice Beast      Ice/Summ       ######..     1%          4    None
d - Throw Icicle          Conj/Ice       ######..     1%          4    None


Dungeon Overview and Level Annotations

Branches:
Dungeon (12/15)            Temple (1/1) D:5            Lair (0/8) D:9
    Orc (0/2) D:9

Altars:
Ashenzari
Cheibriados
Dithmenos
Elyvilon
Fedhas
Gozag
Kikubaaqudgha
Makhleb
Nemelex Xobeh
Okawaru
Pakellas
Qazlal
Ru
Sif Muna
Trog
Vehumet
Xom
Yredelemnul
Zin
The Shining One
Beogh

Shops:
D:5 [   D:7 }   D:9 !   D:11 %

Portals:
Trove: D:10 (give +4 fire dragon armour)

Annotations:
D:3 Sigmund


Innate Abilities, Weirdness & Mutations

You revert to your normal form in water.
You are very nimble and swift while swimming.
You are partially covered in large bone plates (AC +2, SH +2).
Scrolls take you a little longer to read.
You expend magic power (3 MP) to strengthen your wands.


Message History

The eight-headed hydra barely misses you.
You block the eight-headed hydra's attack.
The eight-headed hydra completely misses you.
The eight-headed hydra bites you.
* * * LOW HITPOINT WARNING * * *
The eight-headed hydra misses you. x2
Unknown command.
Unknown command.
Unknown command.
Unknown command.
Unknown command.
Read which item? (? for menu, Esc to quit)
Okay, then.
Okay, then.
Drink which item? (? for menu, Esc to quit)
Okay, then.
Read which item? (? for menu, Esc to quit)
Really read with blurry vision while enemies are nearby?
The large slime creature hits you!!
You die...

########## #.......)..
#!......... #..........
########...)......
##>.........)......
#####...#####..........
#.......#####J.........
#...........@D..))....o
##.....#.#########...##.
#...<..#.# ..#
#......#.# ..#
#......#.# J.#
##.....<#.##########'#
..........#..........#
#######...#.##########
#.#.#'##


You could see an eight-headed hydra and a large slime creature.

Vanquished Creatures
  A hill giant (D:10)
  A wolf spider (D:11)
  2 gargoyles
  A komodo dragon (D:11)
  A kobold demonologist (D:11)
  2 trolls (D:9)
  A slime creature (D:12)
  A wraith (D:12)
  A yak (D:11)
  3 hungry ghosts
  A hippogriff (D:9)
  2 water moccasins
  2 ice beasts
  6 orc warriors
  4 phantoms
  A black bear (D:11)
  5 sky beasts
  3 ogres
  2 necrophages
  2 centaurs
  A crocodile (D:9)
  4 big kobolds
  3 giant frogs
  2 scorpions
  8 killer bees
  8 wights
  2 howler monkeys
  A centaur zombie (D:8)
  3 crimson imps
  A giant frog zombie (D:12)
  3 hounds
  6 orc wizards
  4 giant frog skeletons
  A gnoll shaman (D:7)
  3 orc priests
  4 centaur skeletons
  2 iguanas
  8 worker ants
  A killer bee zombie (D:9)
  A worker ant zombie (D:7)
  7 gnolls
  4 adders
  3 river rats (D:9)
  3 shadow imps
  An ooze (D:7)
  2 adder skeletons
  A worm (D:6)
  2 dart slugs
  3 giant geckos
  30 orcs
  7 goblins
  2 hobgoblins
  12 jackals
  8 kobolds
  A quokka (D:10)
  A ball python zombie (D:5)
  10 bats
  A giant cockroach zombie (D:5)
  A giant gecko zombie (D:5)
  2 giant newts
  A quokka skeleton (D:5)
  17 rats
227 creatures vanquished.

Vanquished Creatures (collateral kills)
  The ghost of no0bjke the Spear-Bearer, a novice MiFi of Okawaru (D:11)
  2 hill giants (D:10)
  An ugly thing (D:11)
  A cyclops (D:12)
  A troll (D:12)
  3 slime creatures (D:12)
  A two-headed ogre (D:10)
  Grinder (D:6)
  A wraith (D:11)
  3 yaks (D:11)
  Edmund (D:5)
  A black bear (D:7)
  An orc warrior (D:11)
  4 centaurs
  2 ogres
  A giant frog (D:11)
  A wyvern zombie (D:9)
  3 killer bees
  A jelly (D:5)
  A wight (D:10)
  4 howler monkeys (D:7)
  A crimson imp (D:6)
  A giant frog zombie (D:12)
  A quasit (D:5)
  A giant frog skeleton (D:7)
  3 hounds
  4 orc wizards
  4 orc priests
  A worker ant (D:8)
  A howler monkey zombie (D:11)
  4 gnolls (D:7)
  An adder (D:5)
  A river rat (D:9)
  14 orcs
  A giant cockroach (D:7)
  A bat (D:9)
  A quokka zombie (D:8)
75 creatures vanquished.

Vanquished Creatures (others)
  6 fungi (D:9)
  4 plants (D:9)
  4 toadstools (D:1)
14 creatures vanquished.

Grand Total: 316 creatures vanquished

Notes
Turn   | Place    | Note
--------------------------------------------------------------
     0 | D:1      | oplop the Merfolk Ice Elementalist began the quest for the Orb.
     0 | D:1      | Reached XP level 1. HP: 13/13 MP: 3/3
   138 | D:1      | Reached XP level 2. HP: 7/19 MP: 1/5
   482 | D:1      | Reached skill level 3 in Dodging
   811 | D:2      | Reached XP level 3. HP: 24/24 MP: 1/6
  1356 | D:3      | Noticed Grinder
  1362 | D:3      | Noticed Sigmund
  1669 | D:3      | Noticed a giant frog
  1678 | D:3      | Killed a giant frog
  1678 | D:3      | Reached skill level 4 in Dodging
  1678 | D:3      | Reached XP level 4. HP: 24/30 MP: 3/8
  1828 | D:3      | Reached XP level 5. HP: 13/35 MP: 2/9
  2199 | D:3      | Learned a level 3 spell: Ozocubu's Armour
  2469 | D:4      | Noticed a phantom
  2478 | D:4      | Killed a phantom
  2478 | D:4      | Reached skill level 5 in Dodging
  2478 | D:4      | Reached skill level 5 in Ice Magic
  2478 | D:4      | Reached XP level 6. HP: 34/41 MP: 11/11
  2536 | D:4      | Found a blossoming altar of Fedhas.
  2597 | D:4      | Found an oddly glowing altar of Pakellas.
  2708 | D:4      | Found a burning altar of Makhleb.
  2709 | D:4      | Found a shimmering altar of Xom.
  2921 | D:5      | Entered Level 5 of the Dungeon
  3091 | D:5      | Learned a level 4 spell: Summon Ice Beast
  3187 | D:5      | Found a staircase to the Ecumenical Temple.
  3222 | Temple   | Entered the Ecumenical Temple
  3337 | D:5      | Reached skill level 1 in Summonings
  3452 | D:5      | Reached XP level 7. HP: 30/46 MP: 1/13
  3570 | D:5      | Found a glowing golden altar of the Shining One.
  3571 | D:5      | Noticed Edmund
  3705 | D:5      | Found Egyips's Armour Emporium.
  3731 | D:5      | Reached skill level 6 in Dodging
  3955 | D:5      | Found an ancient bone altar of Kikubaaqudgha.
  4054 | D:5      | Found a stormy altar of Qazlal.
  4183 | Temple   | Became a worshipper of Cheibriados the Contemplative
  4208 | D:5      | Killed Edmund
  4208 | D:5      | Reached XP level 8. HP: 48/53 MP: 3/15
  4323 | D:6      | Killed Grinder
  4323 | D:6      | Reached skill level 1 in Fighting
  4323 | D:6      | Reached skill level 1 in Invocations
  4401 | D:6      | Reached skill level 5 in Spellcasting
  4428 | D:6      | Learned a level 4 spell: Throw Icicle
  4682 | D:6      | Gained mutation: Your spells are a little harder to cast, but a little more powerful. [potion of mutation]
  4682 | D:6      | Gained mutation: You passively map a small area around you. [potion of mutation]
  4682 | D:6      | Gained mutation: Your movements are slightly less encumbered by armour (ER -2). [potion of mutation]
  4683 | D:6      | Lost mutation: Your spells are a little harder to cast, but a little more powerful. [potion of cure mutation]
  4683 | D:6      | Lost mutation: Your movements are slightly less encumbered by armour (ER -2). [potion of cure mutation]
  4683 | D:6      | Lost mutation: You passively map a small area around you. [potion of cure mutation]
  4685 | D:6      | Reached skill level 7 in Dodging
  5070 | D:7      | Reached * piety under Cheibriados
  5191 | D:7      | Found Qawapran's Gadget Shoppe.
  5333 | D:7      | Reached XP level 9. HP: 45/62 MP: 1/17
  6025 | D:8      | Reached ** piety under Cheibriados
  6025 | D:8      | Reached skill level 1 in Conjurations
  6347 | D:8      | Found a radiant altar of Vehumet.
  6385 | D:8      | Gained mutation: Scrolls take you a little longer to read. [potion of mutation]
  6385 | D:8      | Gained mutation: You are partially covered in large bone plates (AC +2, SH +2). [potion of mutation]
  6385 | D:8      | Gained mutation: You expend magic power (3 MP) to strengthen your wands. [potion of mutation]
  6434 | D:8      | Reached skill level 8 in Dodging
  6743 | D:9      | Noticed a troll
  6755 | D:9      | Killed a troll
  6755 | D:9      | Reached *** piety under Cheibriados
  7059 | D:9      | Got a transparent robe
  7077 | D:9      | Got a scorched short sword
  7078 | D:9      | Identified the +4 short sword "Kilean" {pierce, rF+ Int+4} (You found it on level 9 of the Dungeon)
  7089 | D:9      | Identified the cursed +1 robe of Noguwnast {rN+ Str+2 Dex+2} (You found it on level 9 of the Dungeon)
  7196 | D:5      | Bought the +3 warlock's mirror {reflect} for 342 gold pieces
  7289 | D:9      | Reached XP level 10. HP: 73/73 MP: 19/19
  7448 | D:9      | Reached skill level 1 in Shields
  7460 | D:9      | Reached **** piety under Cheibriados
  7518 | D:9      | Reached skill level 5 in Invocations
  7591 | D:9      | Found a staircase to the Lair.
  7620 | D:9      | Found Hijig's Distillery.
  7623 | D:9      | Bought a potion of lignification for 48 gold pieces
  7623 | D:9      | Bought a potion of curing for 48 gold pieces
  7634 | D:9      | Found a staircase to the Orcish Mines.
  7641 | D:9      | Found a roughly hewn altar of Beogh.
  7650 | D:9      | Reached skill level 5 in Fighting
  7716 | D:9      | Found a deep blue altar of Sif Muna.
  7947 | D:9      | Reached skill level 9 in Dodging
  8087 | D:9      | Noticed a hill giant
  8181 | D:10     | Entered Level 10 of the Dungeon
  8337 | D:10     | Found a portal to a secret trove of treasure.
  8367 | D:10     | Noticed a hill giant
  8375 | D:10     | Killed a hill giant
  8399 | D:10     | Noticed a hill giant
  8469 | D:10     | Killed a hill giant
  8547 | D:10     | Noticed a hill giant
  8614 | D:10     | Killed a hill giant
  8614 | D:10     | Reached ***** piety under Cheibriados
  8752 | D:10     | Noticed a gargoyle
  8761 | D:10     | Killed a gargoyle
  8761 | D:10     | Reached XP level 11. HP: 59/81 MP: 5/21
  9661 | D:11     | Noticed a white ugly thing
  9680 | D:11     | Noticed no0bjke's ghost (novice MiFi)
  9765 | D:11     | Noticed a wolf spider
  9775 | D:11     | Killed a wolf spider
  9924 | D:11     | Killed no0bjke's ghost
 10026 | D:11     | Killed a white ugly thing
 10026 | D:11     | Reached skill level 10 in Dodging
 10215 | D:11     | Found Leihut's Food Boutique.
 10637 | D:12     | Found a blossoming altar of Fedhas.
 10682 | D:12     | Noticed a cyclops
 10694 | D:12     | Reached ****** piety under Cheibriados
 10711 | D:12     | Killed a cyclops
 10817 | D:12     | Noticed an eight-headed hydra
 10830 | D:12     | Demolished by a large slime creature

Skill      XL: |  1  2  3  4  5  6  7  8  9 10 11 |
---------------+----------------------------------+-----
Dodging        | 3 4 5 6 7 8 9 10 | 10.4
Spellcasting   | 3 4 5 6 7 |  7.7
Ice Magic      | 4 5 6 7 8 9 |  9.5
Summonings     | 1 2 3 4 |  4.0
Fighting       | 2 4 5 7 |  7.3
Invocations    | 2 4 5 7 |  7.2
Conjurations   | 2 3 4 |  4.4
Shields        | 4 |  4.1
Stealth        | |  2.1

Action                   |  1- 3 |  4- 6 |  7- 9 | 10-12 || total
-------------------------+-------+-------+-------+-------++-------
Melee: Unarmed           |    52 |       |       |       ||    52
       Dagger            |    21 |    85 |   286 |    80 ||   472
       Short sword       |       |       |    13 |   399 ||   412
 Cast: Freeze            |    39 |    35 |    72 |    54 ||   200
       Ozocubu's Armour  |       |     3 |    13 |    11 ||    27
       Summon Ice Beast  |       |     1 |    29 |    29 ||    59
       Throw Icicle      |       |       |     6 |    25 ||    31
Invok: Slouch            |       |       |       |     2 ||     2
  Use: Scroll            |     5 |     4 |     3 |     1 ||    13
       Potion            |       |       |     9 |       ||     9
 Stab: Sleeping          |     3 |     2 |     2 |    11 ||    18
       Distracted        |       |       |     3 |     8 ||    11
       Invisible         |       |       |     5 |       ||     5
       Confused          |       |       |       |     1 ||     1
  Eat: Chunk             |     3 |     5 |     9 |     6 ||    23
       Fruit             |       |     1 |       |       ||     1
       Beef jerky        |       |       |     2 |       ||     2
       Meat ration       |       |       |     1 |     1 ||     2
Armor: Robe              |    25 |    17 |    99 |    43 ||   184
Dodge: Dodged            |   110 |    99 |   478 |   411 ||  1098
Block: Other             |       |       |     8 |       ||     8
       Buckler           |       |       |       |   366 ||   366
       Reflection        |       |       |       |     9 ||     9
